 Dungeon Crawl Stone Soup version 0.32-a0-975-g85d4e5bfdb (webtiles) character file.

Game seed: 3596447715495303951

308 Revguard the Shield-Bearer (level 6, -3/38 HPs)
             Began as a Gargoyle Fighter on Apr 19, 2024.
             Killed by divine providence
             ... invoked by an orc priest
              (11 damage)
             ... on level 4 of the Dungeon.
             The game lasted 00:04:56 (2506 turns).

Revguard the Shield-Bearer (Gargoyle Fighter)       Turns: 2506, Time: 00:04:57

Health: -3/38      AC: 14    Str: 20    XL:     6   Next: 40%
Magic:  7/7        EV:  8    Int:  8    God:
Gold:   362        SH:  5    Dex: 11    Spells: 5/5 levels left

rFire   . . .        a - +0 war axe
rCold   . . .        c - +1 buckler
rNeg    + . .        b - +0 scale mail
rPois   ∞            k - +1 helmet
rElec   +            (no cloak)
rCorr   .            i - +0 pair of gloves
SInv    .            (no boots)
Will    .....        (no amulet) Stlth
                     (no ring)
HPRegen 0.26/turn    (no ring)
MPRegen 0.10/turn

%: no passive effects
@: mighty
A: sickness immunity, AC +4, negative energy resistance 1, electricity
resistance, torment resistance 1, petrification resistance
a: Convert to Beogh


You were on level 4 of the Dungeon.
You visited 1 branch of the dungeon, and saw 4 of its levels.

You collected 362 gold pieces.

Inventory:

Hand Weapons
 a - a +0 war axe (weapon)
Armour
 b - a +0 scale mail (worn)
 c - a +1 buckler (worn)
 i - a +0 pair of gloves (worn)
 k - a +1 helmet (worn)
Jewellery
 h - an amulet of magic regeneration
Scrolls
 e - a scroll of noise
Potions
 f - 2 potions of attraction {unknown}
 g - a potion of haste
 j - a potion of berserk rage
 l - a potion of magic {unknown}
 m - a potion of lignification {unknown}


   Skills:
 + Level 4.0 Fighting
 * Level 3.2 Axes
 + Level 4.0 Armour
 + Level 1.3 Dodging
 * Level 4.6 Shields
 + Level 1.9 Invocations
 + Level 1.4 Evocations


You had 5 spell levels left.
You didn't know any spells.
Your spell library contained the following spells:

 Spells                   Type           Power      Damage    Failure   Level
 Foxfire                  Conj/Fire      0%         2x1d4     83%         1
 Hailstorm                Conj/Ice       0%         3d5       99%         3
 Summon Ice Beast         Ice/Summ       0%         N/A       99%         3
 Permafrost Eruption      Ice/Erth       0%         2x4d1     100%        6
 Plasma Beam              Fire/Air       0%         2x1d10    100%        6
 Sculpt Simulacrum        Ice/Alch       0%         N/A       100%        6
 Starburst                Conj/Fire      0%         6d3       100%        6


Dungeon Overview and Level Annotations

Branches:
Dungeon (4/15)
 Temple: D:4-7

Altars:

Shops:
D:1 !*


Innate Abilities, Weirdness & Mutations

You are immune to sickness and miasma.
Your stone body is resilient. (AC +4)
You are immune to poison.
You resist negative energy. (rN+)
You are resistant to electric shocks. (rElec)
You are resistant to unholy torment.
You are immune to petrification.


Message History

Unknown command.
You closely miss the orc priest. You barely miss the orc.
The orc priest hits you but does no damage.
The orc hits you with a +0 falchion. The orc barely misses you.
The orc priest invokes the aid of Beogh against you.
Beogh smites you!
* * * LOW HITPOINT WARNING * * *
The orc closely misses you.
You barely miss the orc priest.
The orc priest shouts, "Beogh offers mercy even to people such as you.
Join us and be reborn!"
You slash the orc!
You kill the orc!
You closely miss the orc. You block the orc's attack.
The orc priest hits you with a +0 dagger.
* * * LOW HITPOINT WARNING * * *
Your Fighting skill increases to level 4!
You slash the orc priest!
The orc priest is severely wounded.
You slash the orc!
You kill the orc!
The orc priest hits you but does no damage.
The orc priest barely misses you.
You barely miss the orc priest.
The orc priest is severely wounded.
The orc priest shouts, "Surrender to Beogh and we'll let you live!"
The orc priest shouts, "The Pantheon deserves no one's loyalty.
Let us show you the true path!"
The orc priest hits you but does no damage.
You closely miss the orc priest.
The orc priest is severely wounded.
You block the orc priest's attack.
You hit the orc priest.
The orc priest is almost dead.
The orc priest hits you but does no damage.
The orc priest shouts, "The Pantheon deserves no one's loyalty.
Let us show you the true path!" You block the orc priest's attack.
You barely miss the orc priest.
The orc priest is almost dead.
The orc priest invokes the aid of Beogh against you.
Beogh smites you!
You die...

##......####..............###..
#.#....#####......#...#...# #.
###..#..........###..###....
#.####.......## ##.# ....
##.##....##..## .# ..
#.†..........###..#.
##..##..............
#......#.......))#.....
#........>......@o......
#..#.#.........†))...... ..
###.............#.... #
#.......##....# #..
.........###.#.# [ #.##......
..#.# #....... ....# ...##..
.....


You could see an orc priest.

Vanquished Creatures
  A scorpion (D:4)
  A hound (D:4)
  7 gnolls (D:2)
  7 adders
  A dart slug (D:3)
  3 ribbon worms
  8 orcs (D:4)
  8 endoplasms
  5 giant cockroaches
  5 goblins
  A hobgoblin (D:3)
  4 jackals (D:1)
  5 kobolds
  3 quokkas
  4 ball pythons
  6 bats
  5 frilled lizards
  6 rats
80 creatures vanquished.

Notes
Turn   | Place    | Note
-------+----------+-------------------------------------------
     0 | D:1      | Revguard the Gargoyle Fighter began the quest for the Orb.
     0 | D:1      | Reached XP level 1. HP: 14/14 MP: 1/1
    34 | D:1      | Found Galu's Distillery.
   198 | D:1      | Reached XP level 2. HP: 18/19 MP: 2/2
   300 | D:1      | Found Huhoef's General Store.
   553 | D:1      | Reached XP level 3. HP: 20/23 MP: 3/3
  1135 | D:2      | Reached skill level 1 in Invocations
  1168 | D:2      | Reached XP level 4. HP: 28/28 MP: 4/4
  1194 | D:2      | Found a faded altar of an unknown god.
  1320 | D:2      | Reached skill level 1 in Evocations
  1320 | D:2      | Reached XP level 5. HP: 30/33 MP: 5/5
  1646 | D:2      | Reached skill level 1 in Dodging
  2350 | D:4      | Reached XP level 6. HP: 37/38 MP: 7/7
  2506 | D:4      | Killed from afar by an orc priest

Illustrated notes

Levels and vault maps discovered:
D:1:      minmay_arrival_wavy_path, layout_loops_ring, serial_shops, shop, shop,
          minmay_misc_feat_tower, kennysheep_another_room, serial_bayou_pond_a,
          hangedman_decor_slide_cut, minmay_fountain_box,
          minmay_misc_feat_columns
D:2:      layout_basic, hellmonk_ecumenical_altar_run_dry
D:3:      layout_basic
D:4:      layout_cave_pools, uniq_edmund

Skill      XL: |  1  2  3  4  5  6 |
---------------+-------------------+-----
Axes           | 2 3 |  3.2
Invocations    | 1 |  1.9
Shields        | 4 |  4.6
Evocations     | 1 |  1.4
Dodging        | 1 |  1.3
Armour         | 4 |  4.0
Fighting       | 4 |  4.0

Action                     |  1- 3 |  4- 6 || total
---------------------------+-------+-------++-------
  Melee: War axe           |   124 |   134 ||   258
    Use: Potion            |       |     2 ||     2
         Scroll            |       |     4 ||     4
 Armour: Scale mail        |   111 |   118 ||   229
  Dodge: Dodged            |    60 |    65 ||   125
  Block: Buckler           |    34 |    60 ||    94

Table legend: (Time is in decaauts)
 A = Elapsed time spent in this place.
 B = Non-inter-level travel time spent in this place.
 C = Inter-level travel time spent in this place.
 D = Time resting spent in this place.
 E = Time spent auto-exploring this place.
 F = Levels seen in this place.
 G = Mean time per level.
                   A        B        C        D        E       F      G
               +--------+--------+--------+--------+--------+-----+--------+
         Total |   2610 |   2538 |     72 |      0 |   1846 |   4 |  652.5 |
       Dungeon |   2610 |   2538 |     72 |      0 |   1846 |   4 |  652.5 |
               +--------+--------+--------+--------+--------+-----+--------+

Top non-repeatable levels by time:
     D:1: 993 daAuts
     D:2: 822 daAuts
     D:3: 483 daAuts
     D:4: 311 daAuts
